 Dungeon Crawl Stone Soup version 0.29.1-1-gd02db6906a (webtiles) character file.

Game seed: 12819962392189142890

5687 gzilladon the Cleaver (level 10, -3/88 HPs)
             Began as a Hill Orc Monk on Sept 26, 2022.
             Was an Elder of Beogh.
             Slain by an ettin
             ... wielding a +1 dire flail of protection
              (14 damage)
             ... on level 10 of the Dungeon.
             The game lasted 00:34:01 (7678 turns).

gzilladon the Cleaver (Hill Orc Monk)               Turns: 7678, Time: 00:34:02

Health: -3/88      AC: 17    Str: 19    XL:     10   Next: 75%
Magic:  14/14      EV:  8    Int: 10    God:    Beogh [****..]
Gold:   379        SH:  4    Dex: 13    Spells: 9/9 levels left

rFire   + . .      SeeInvis .   r - +1 hand axe (elec)
rCold   x . .      Faith    .   F - +0 buckler
rNeg    . . .      Spirit   .   p - +0 chain mail
rPois   .          Reflect  .   j - +0 helmet
rElec   .          Harm     .   (no cloak)
rCorr   +          Rampage  .   W - +0 pair of gloves
Will    .....                   e - +2 pair of boots
Stlth   ..........              v - amulet of regeneration
HPRegen 1.04/turn               d - ring of fire
MPRegen 0.14/turn               K - ring of resist corrosion

@: no status effects
A: no striking features
a: Renounce Religion, Smiting, Recall Orcish Followers


You were on level 10 of the Dungeon.
You worshipped Beogh.
Beogh was greatly pleased with you.
You visited 2 branches of the dungeon, and saw 11 of its levels.

You collected 379 gold pieces.

Inventory:

Hand Weapons
 a - a +0 hand axe
 q - a +0 halberd
 r - a +1 hand axe of electrocution (weapon)
 U - a +3 battleaxe
Missiles
 f - 89 stones (quivered)
 o - 6 boomerangs
 u - 2 throwing nets
 H - 3 silver boomerangs
 J - 3 boomerangs of dispersal
 V - 3 poisoned darts
Armour
 b - a +0 robe
 e - a +2 pair of boots (worn)
 g - a +0 ring mail
 h - a +0 scale mail
 j - a +0 helmet (worn)
 p - a +0 chain mail (worn)
 F - a +0 buckler (worn)
 W - a +0 pair of gloves (worn)
Magical Staves
 w - a staff of death
 P - a staff of cold
Jewellery
 d - a ring of fire (left hand)
 t - a ring of fire
 v - an amulet of regeneration (around neck)
 E - an amulet of guardian spirit
 K - a ring of resist corrosion (right hand)
Wands
 m - a wand of flame (39)
 z - a wand of paralysis (10)
 D - a wand of iceblast (17)
Scrolls
 l - a scroll of acquirement {unknown}
 n - 4 scrolls of identify
 s - a scroll of blinking {unknown}
 x - a scroll of vulnerability {unknown}
 y - 3 scrolls of amnesia {unknown}
 A - 2 scrolls of magic mapping {unknown}
 B - 3 scrolls of summoning {unknown}
 G - 3 scrolls of fog {unknown}
 L - 3 scrolls of enchant weapon {unknown}
 M - a scroll of immolation
 N - 2 scrolls of teleportation {unknown}
Potions
 c - 3 potions of lignification
 i - a potion of cancellation
 k - 2 potions of curing
 C - 2 potions of attraction
 I - 2 potions of heal wounds
 O - 2 potions of brilliance
 Q - a potion of flight {unknown}
 R - a potion of haste {unknown}
 S - a potion of invisibility {unknown}
 T - a potion of resistance {unknown}


   Skills:
 * Level 8.2 Fighting
 + Level 13.9 Axes
 * Level 8.2 Armour
 + Level 3.9 Dodging
 + Level 2.5 Stealth
 + Level 1.8 Shields
 * Level 5.9 Invocations


You had 9 spell levels left.
You didn't know any spells.
Your spell library contained the following spells:

 Spells                   Type           Power      Damage    Failure   Level
 Confusing Touch          Hex            0%         N/A       100%        3
 Gell's Gravitas          Tloc           0%         N/A       100%        3
 Lesser Beckoning         Tloc           0%         N/A       100%        3
 Teleport Other           Tloc           0%         N/A       100%        3
 Yara's Violent Unravell  Hex/Tmut       0%         3d3       100%        5
 Enfeeble                 Hex            0%         N/A       100%        7


Dungeon Overview and Level Annotations

Branches:
Dungeon (10/15)            Temple (0/1) D:7            Lair (0/5) D:9
    Orc (1/2) D:10

Altars:
Fedhas
Hepliaklqana
Kikubaaqudgha
Makhleb
Qazlal
Sif Muna
Uskayaw
Vehumet
Yredelemnul
The Shining One

Shops:
D:8 :   D:9 *   D:10 [

Annotations:
D:6 1 runed translucent door, jimonade's ghost, amateur DEHu


Message History

Your orc warrior throws a boomerang.
The boomerang hits the ettin but does no damage.
Your orc knight shoots a sling bullet.
The sling bullet hits the ettin!
A two-headed ogre comes into view.
It is wielding a +0 giant club and a +0 giant spiked club.
There is a staircase back to the Dungeon here.
Your orc warrior hits the two-headed ogre with a +2 vorpal flail!!
The two-headed ogre hits Margrim with a +0 giant club!
The two-headed ogre hits Margrim with a +0 giant spiked club!!
Margrim dies!
You climb upwards.
Welcome back to the Dungeon!
There is a staircase to the Orcish Mines here.
There is a staircase to the Orcish Mines here.
You climb downwards.
Welcome back to the Orcish Mines!
The ettin hits you with a +1 dire flail of protection!!
The ettin hits you with a +0 dire flail!!
Your orc warrior hits something with a +2 vorpal flail!!
Beogh accepts your kill.
You feel a bit more experienced.
Your orc warrior looks more experienced.
There is a staircase back to the Dungeon, spattered with blood here.
You completely miss the ettin.
The ettin is lightly wounded.
The ettin hits you with a +1 dire flail of protection!!
* * * LOW HITPOINT WARNING * * *
The ettin hits you with a +0 dire flail!
* * * LOW HITPOINT WARNING * * *
Your orc warrior barely misses the ettin.
Your orc knight roars a battlecry!
Your orc warrior goes into a battle-frenzy!
The ettin barely misses you. The ettin hits you but does no damage.
Your orc warrior hits the ettin with a +2 dagger of electrocution!
Lightning courses through the ettin!
You climb upwards.
Welcome back to the Dungeon!
There is a staircase to the Orcish Mines here.
Your orc warrior hits the ettin with a +2 dagger of electrocution.
Your orc warrior hits the ettin with a +2 dagger of electrocution!!
Lightning courses through the ettin! The ettin attacks as you move away!
The ettin hits you with a +1 dire flail of protection!
You die...

...## #..##.##......##.##.# ##...
..####..#[....#..o.o..# #o# ##..
....##..##.#o#..##.##.# #.# #..
###.##. #.##.##.#..#o.###o# #..
###.####..#.##..#####o##..# #..
..#.## #........>...##.#### #..
...>.# ##.###..#.o#.#### ######..
..#.## #.#...#.#C..######.......
..#.# # ##..##..@.....##...####..
..#.# #.#.#....#.##...###..# ###<
....##.....#..#.##.....##..###...
#.########.#.##...###.##.....oo#.
#.# ##.o.......##..#.###..#####.
..####..#.##..######..# #..# #.
###...##..#.###....#.####..#####.
# #.######## #..# #...o.....
###.## #.##########...


You could see an ettin (ally target) and a friendly orc warrior (strong).

Vanquished Creatures
  Pikel (D:4)
  5 yaks
  3 wyverns
  3 water moccasins
  A sky beast (D:6)
  4 black bears
  An ogre (D:5)
  A centaur (D:7)
  A lemure (D:4)
  2 phantoms (D:10)
  3 bullfrogs
  2 kobold brigands (D:9)
  2 scorpions (D:4)
  A wight (D:9)
  A howler monkey (D:5)
  4 hounds
  A jelly (D:5)
  An orc priest (D:7)
  2 gnoll boudas
  2 orc wizards (D:7)
  Natasha (thrice) (D:3)
  4 iguanas
  4 ogre zombies (D:10)
  18 gnolls
  3 adders
  2 ufetubi
  A worm (D:5)
  A dart slug (D:4)
  18 orcs
  3 endoplasms
  7 goblins
  5 hobgoblins
  4 jackals (D:4)
  5 quokkas
  5 ball pythons
  2 bats (D:1)
  4 frilled lizards
  2 goblin zombies (D:10)
  A hobgoblin skeleton (D:10)
  12 kobolds
  4 orc skeletons (D:10)
  3 orc zombies (D:10)
  A rat (D:1)
153 creatures vanquished.

Vanquished Creatures (collateral kills)
  A two-headed ogre (Orc:1)
  3 slime creatures (D:9)
  6 yaks
  A shadow (D:10)
  An orc warrior (Orc:1)
  2 centaurs (D:8)
  A necrophage (D:8)
  3 wights (D:9)
  A troll zombie (D:10)
  An orc wizard (D:8)
  An ogre zombie (D:10)
  An orc (Orc:1)
  A kobold (D:9)
  2 hobgoblin zombies (D:10)
  2 orc skeletons (D:10)
  5 orc zombies (D:10)
32 creatures vanquished.

Vanquished Creatures (others)
  An orc priest (Orc:1)
  3 orcs
  A plant (D:2)
5 creatures vanquished.

Grand Total: 190 creatures vanquished

Notes
Turn   | Place    | Note
-------+----------+-------------------------------------------
     0 | D:1      | gzilladon the Hill Orc Monk began the quest for the Orb.
     0 | D:1      | Reached XP level 1. HP: 19/19 MP: 1/1
   363 | D:1      | Reached XP level 2. HP: 26/27 MP: 2/2
   782 | D:3      | Reached XP level 3. HP: 31/33 MP: 3/3
  1114 | D:3      | Noticed Natasha
  1131 | D:3      | Killed Natasha
  1132 | D:3      | Reached skill level 5 in Axes
  1132 | D:3      | Reached XP level 4. HP: 18/40 MP: 4/4
  1358 | D:3      | Noticed Natasha
  1379 | D:3      | Killed Natasha
  1459 | D:3      | Noticed Natasha
  1467 | D:3      | Killed Natasha
  1559 | D:3      | Reached skill level 6 in Axes
  1559 | D:3      | Reached XP level 5. HP: 35/46 MP: 5/5
  1681 | D:4      | Noticed Pikel
  1681 | D:4      | Noticed a lemure
  1681 | D:4      | Noticed a lemure
  1681 | D:4      | Noticed a lemure
  1681 | D:4      | Noticed a lemure
  1766 | D:3      | Reached skill level 1 in Armour
  2510 | D:4      | Reached skill level 7 in Axes
  2510 | D:4      | Reached XP level 6. HP: 53/53 MP: 6/6
  2515 | D:4      | Became a worshipper of Beogh the Brigand
  2515 | D:4      | Reached * piety under Beogh
  2515 | D:4      | Reached ** piety under Beogh
  2580 | D:4      | Found an ancient bone altar of Kikubaaqudgha.
  2706 | D:4      | Killed Pikel
  2707 | D:4      | Reached skill level 5 in Fighting
  2707 | D:4      | Reached skill level 9 in Axes
  2707 | D:4      | Reached XP level 7. HP: 37/61 MP: 7/7
  2937 | D:4      | Reached XP level 8. HP: 65/68 MP: 8/8
  3594 | D:5      | Entered Level 5 of the Dungeon
  3665 | D:5      | Reached skill level 10 in Axes
  4142 | D:5      | Reached skill level 11 in Axes
  4142 | D:5      | Reached skill level 1 in Invocations
  4641 | D:6      | Found a runed translucent door.
  4643 | D:6      | Noticed jimonade's ghost (amateur DEHu)
  4683 | D:6      | Noticed a yak
  4684 | D:6      | Noticed a yak
  4684 | D:6      | Noticed a yak
  4684 | D:6      | Noticed a yak
  4741 | D:7      | Killed a yak
  4742 | D:7      | Reached skill level 5 in Armour
  4742 | D:7      | Reached XP level 9. HP: 68/75 MP: 10/10
  4785 | D:7      | Found a staircase to the Ecumenical Temple.
  4998 | D:7      | Reached *** piety under Beogh
  5076 | D:7      | Reached skill level 12 in Axes
  5580 | D:8      | Reached skill level 1 in Shields
  5622 | D:8      | Reached skill level 13 in Axes
  5669 | D:8      | Found a hide-covered altar of Uskayaw.
  5995 | D:8      | Found a basalt altar of Yredelemnul.
  5996 | D:8      | Found a blossoming altar of Fedhas.
  5999 | D:8      | Found a hazy altar of Hepliaklqana.
  6003 | D:8      | Found a stormy altar of Qazlal.
  6003 | D:8      | Found a radiant altar of Vehumet.
  6005 | D:8      | Found a burning altar of Makhleb.
  6017 | D:8      | Found Mewywn's Book Boutique.
  6345 | D:9      | Reached XP level 10. HP: 76/83 MP: 13/13
  6413 | D:9      | Found a staircase to the Lair.
  6575 | D:9      | Found Tituxtux's Tempting Trifles.
  6765 | D:9      | Reached skill level 5 in Invocations
  6948 | D:10     | Entered Level 10 of the Dungeon
  6981 | D:10     | Gained Margrim as an ally
  6986 | D:10     | Reached **** piety under Beogh
  7113 | D:10     | Found a shimmering blue altar of Sif Muna.
  7115 | D:10     | Found a glowing golden altar of the Shining One.
  7167 | D:10     | Found Vumudo's Armour Shop.
  7417 | D:10     | Found a staircase to the Orcish Mines.
  7642 | Orc:1    | Entered Level 1 of the Orcish Mines
  7650 | Orc:1    | Noticed an ettin
  7653 | Orc:1    | Noticed a two-headed ogre
  7654 | Orc:1    | Your ally Margrim died
  7671 | Orc:1    | Killed a two-headed ogre
  7678 | D:10     | Slain by an ettin

Illustrated notes

Levels and vault maps discovered:
D:1:      eino_arrival_water_cross, layout_basic, minmay_small_reverse_x
D:2:      layout_rooms, shapermc_ecumenical_altar_mp_urbaneastern
D:3:      layout_loops_cross, uniq_natasha
D:4:      layout_layer_cave, mainiacjoe_overflow_24_doors, uniq_pikel
D:5:      layout_rooms, roderic_serpentine_path, grunt_ministairs_2
D:6:      layout_basic, ebering_ghost_inner_flame, uniq_blork_the_orc
D:7:      layout_rooms, minmay_temple_entry_wispy, uniq_crazy_yiuf_cottage
D:8:      layout_cave_pools, grunt_temple_overflow_open, serial_shops,
          nicolae_shop_crystal
D:9:      layout_long_grid, lair_entry_dummy, hangedman_decor_opposing,
          nicolae_alphabet_shops
D:10:     layout_loops_corners, mainiacjoe_overflow_swirl, minitemple,
          zombieorc1_lemuel, serial_shops, kennysheep_mini_moat,
          small_statue_intersection
Orc:1:    layout_diamond_mine, serial_shops, shop

Skill      XL: |  1  2  3  4  5  6  7  8  9 10 |
---------------+-------------------------------+-----
Fighting       | 4 5 6 8 |  8.2
Axes           | 5 6 7 9 11 13 | 13.9
Stealth        | 2 |  2.5
Armour         | 2 3 5 6 8 |  8.2
Dodging        | 3 |  3.9
Invocations    | 2 4 5 |  5.9
Shields        | 1 |  1.8

Action                   |  1- 3 |  4- 6 |  7- 9 | 10-12 || total
-------------------------+-------+-------+-------+-------++-------
Melee: Hand axe          |   101 |   140 |   253 |   114 ||   608
       Punch             |       |       |     1 |       ||     1
Invok: Convert to Beogh  |       |     1 |       |       ||     1
  Use: Scroll            |     1 |       |     4 |       ||     5
       Potion            |       |       |     5 |       ||     5
 Stab: Sleeping          |     2 |       |       |       ||     2
       Distracted        |       |       |       |     2 ||     2
Armor: Robe              |    14 |       |       |       ||    14
       Ring mail         |     9 |       |       |       ||     9
       Scale mail        |     6 |    29 |       |       ||    35
       Chain mail        |       |    92 |   188 |    40 ||   320
Dodge: Dodged            |    69 |    90 |   122 |    39 ||   320
Block: Buckler           |       |       |    29 |    16 ||    45
